Workbook

Sheet Дашборд
C1: РАСХОДЫ ~ | D1: =Обработка0!$B$13 -> 2710826.2 | E1: тыс. руб | I1: ДОХОДЫ ~ | J1: =Обработка0!$B$17 -> 2696805 | K1: тыс. руб
H19: ДЕФИЦИТ БЮДЖЕТА ~ | J19: =Обработка0!$B$18 -> 14103.88 | K19: тыс. руб
B35: 13 МУНИЦИПАЛЬНЫХ ПРОГРАММ ~ | E35: =обработка3!$B$15 -> 2.339282e+09
B37: Муниципальная программа "Культура города Минусинска" | C37: =обработка3!$B$2 -> 1.6231844e+08 | H37: Муниципальная программа "Молодежь Минусинска" | I37: =обработка3!$B$7 -> 18865326
B39: Муниципальная программа "Реформирование и модернизация жилищно-коммунального хозяйства и повышение энергетической эффективности" | C39: =обработка3!$B$3 -> 78119904 | H39: Муниципальная программа "Развитие образования города Минусинска" | I39: =обработка3!$B$11 -> 1339438721
B41: Муниципальная программа "Обеспечение транспортной инфраструктуры" | C41: =обработка3!$B$4 -> 1.8205077e+08 | H41: Муниципальная программа "Социально - экономическая поддержка интересов населения города Минусинска" | I41: =обработка3!$B$10 -> 11730000
B43: Муниципальная программа "Благоустройство территории" | C43: =обработка3!$B$6 -> 16690400 | H43: Муниципальная программа "Физическая культура и спорт в муниципальном образовании город Минусинск" | I43: =обработка3!$B$14 -> 80839752

Sheet Обработка0
A1: 2 | B1: =INDEX(Данные!A2:A13, A1) -> 2020 г.
A2: Социальная политика | B2: =VLOOKUP(B$1,Данные!$A:$Q,MATCH(A2,Данные!$A$1:$Q$1,0),0) -> 132524.13
A3: Образование | B3: =VLOOKUP(B$1,Данные!$A:$Q,MATCH(A3,Данные!$A$1:$Q$1,0),0) -> 1580327
A4: Культура. Кинематография | B4: =VLOOKUP(B$1,Данные!$A:$Q,MATCH(A4,Данные!$A$1:$Q$1,0),0) -> 226930.75
A5: Национальная экономика | B5: =VLOOKUP(B$1,Данные!$A:$Q,MATCH(A5,Данные!$A$1:$Q$1,0),0) -> 324037.8
A6: Общегосударственные вопросы | B6: =VLOOKUP(B$1,Данные!$A:$Q,MATCH(A6,Данные!$A$1:$Q$1,0),0) -> 140429.91
A7: Физ. культура и спорт | B7: =VLOOKUP(B$1,Данные!$A:$Q,MATCH(A7,Данные!$A$1:$Q$1,0),0) -> 74097.16
A8: Нац. безопасность и правоохранительная деятельность | B8: =VLOOKUP(B$1,Данные!$A:$Q,MATCH(A8,Данные!$A$1:$Q$1,0),0) -> 7726.94
A9: Нац. оборона | B9: =VLOOKUP(B$1,Данные!$A:$Q,MATCH(A9,Данные!$A$1:$Q$1,0),0) -> 400.4
A10: Здравоохранение | B10: =VLOOKUP(B$1,Данные!$A:$Q,MATCH(A10,Данные!$A$1:$Q$1,0),0) -> 42.45
A11: Жилищно-коммунальное хозяйство | B11: =VLOOKUP(B$1,Данные!$A:$Q,MATCH(A11,Данные!$A$1:$Q$1,0),0) -> 222541.3
A12: Охрана окружающей среды | B12: =VLOOKUP(B$1,Данные!$A:$Q,MATCH(A12,Данные!$A$1:$Q$1,0),0) -> 1768.36
A13: ИТОГО (расходы): | B13: =VLOOKUP(B$1,Данные!$A:$Q,MATCH(A13,Данные!$A$1:$Q$1,0),0) -> 2710826.2
... A16: Безвозмездные поступления | B16: =VLOOKUP(B$1,Данные!$A:$Q,MATCH(A16,Данные!$A$1:$Q$1,0),0) -> 2240644
A17: ИТОГО (доходы): | B17: =VLOOKUP(B$1,Данные!$A:$R,MATCH(A17,Данные!$A$1:$Q$1,0),0) -> 2696805
A18: Дефицит бюджета: | B18: =VLOOKUP(B$1,Данные!$A:$R,MATCH(A18,Данные!$A$1:$R$1,0),0) -> 14103.88

Sheet Данные
A1: Столбец1 | B1: Социальная политика | C1: Образование | D1: Культура. Кинематография | E1: Национальная экономика | F1: Общегосударственные вопросы | G1: Физ. культура и спорт | H1: Нац. безопасность и правоохранительная деятельность | I1: Нац. оборона | J1: Здравоохранение | K1: Жилищно-коммунальное хозяйство | L1: Охрана окружающей среды | M1: ИТОГО (расходы): | N1: Налоговые доходы | O1: Неналоговые доходы | P1: Безвозмездные поступления | Q1: ИТОГО (доходы): | R1: Дефицит бюджета:
A2: 2019 г. | B2: 194115.5 | C2: 1399717.2 | D2: 123909.7 | E2: 205134.5 | F2: 113928.8 | G2: 84976.7 | H2: 4137.5 | I2: 346.8 | J2: 42.5 | K2: 439907.3 | L2: 0 | M2: =SUM(B2:L2) -> 2566216.5 | N2: 372397.37 | O2: 60973.83 | P2: 2124181.6 | Q2: =SUM(N2:P2) -> 2557552.8 | R2: 8663.79
A3: 2020 г. | B3: 132524.13 | C3: 1580327 | D3: 226930.75 | E3: 324037.8 | F3: 140429.91 | G3: 74097.16 | H3: 7726.94 | I3: 400.4 | J3: 42.45 | K3: 222541.3 | L3: 1768.36 | M3: =SUM(B3:L3) -> 2710826.2 | N3: 402056.53 | O3: 54104.45 | P3: 2240644 | Q3: =SUM(N3:P3) -> 2696805 | R3: 14103.88
A4: 2021 г. | B4: 136219.86 | C4: 1506644.5 | D4: 228432.93 | E4: 132628.68 | F4: 226840.12 | G4: 70268.61 | H4: 4057.43 | I4: 382.4 | J4: 43.8 | K4: 214209.89 | L4: 1737.24 | M4: =SUM(B4:L4) -> 2521465.5 | N4: 485721.31 | O4: 53508.69 | P4: 1962604.5 | Q4: =SUM(N4:P4) -> 2501834.5 | R4: 19761
B6: Налоговое доходы | C6: Неналоговые доходы | D6: Безвозмездные поступления | E6: ИТОГО:
A7: 2019 г. | B7: 372397.37 | C7: 60973.83 | D7: 2124181.6 | E7: =SUM(B7:D7) -> 2557552.8
A8: 2020 г. | B8: 402056.53 | C8: 54104.45 | D8: 2240644 | E8: =SUM(B8:D8) -> 2696805
A9: 2021 г. | B9: 485721.31 | C9: 53508.69 | D9: 1962604.5 | E9: =SUM(B9:D9) -> 2501834.5

Sheet данные2
A1: Столбец1 | B1: 2019 г. | C1: 2020 г. | D1: 2021 г.
A2: Социальная политика (тыс. руб) | B2: 194115.5 | C2: 132524.13 | D2: 136219.86
A3: Образование (тыс. руб) | B3: 1399717.2 | C3: 1580327 | D3: 1506644.5
A4: Культура. Кинематография (тыс. руб) | B4: 123909.7 | C4: 226930.75 | D4: 228432.93
A5: Национальная экономика (тыс. руб) | B5: 205134.5 | C5: 324037.8 | D5: 132628.68
A6: Общегосударственные вопросы (тыс. руб) | B6: 113928.8 | C6: 140429.91 | D6: 226840.12
A7: Физ. культура и спорт (тыс. руб) | B7: 84976.7 | C7: 74097.16 | D7: 70268.61
A8: Нац. безопасность и правоохранительная деятельность (тыс. руб) | B8: 4137.5 | C8: 7726.94 | D8: 4057.43
A9: Нац. оборона (тыс. руб) | B9: 346.8 | C9: 400.4 | D9: 382.4
A10: Здравоохранение (тыс. руб) | B10: 42.5 | C10: 42.45 | D10: 43.8
A11: Жилищно-коммунальное хозяйство (тыс. руб) | B11: 439907.3 | C11: 222541.3 | D11: 214209.89
A12: Охрана окружающей среды (тыс. руб) | B12: 0 | C12: 1768.36 | D12: 1737.24
A13: ИТОГО (расходы): | B13: =SUM(B2:B12) -> 2566216.5 | C13: =SUM(C2:C12) -> 2710826.2 | D13: =SUM(D2:D12) -> 2521465.5
A14: Налоговые доходы (тыс. руб) | B14: 372397.37 | C14: 402056.53 | D14: 485721.31
A15: Неналоговые доходы (тыс. руб) | B15: 60973.83 | C15: 54104.45 | D15: 53508.69
A16: Безвозмездные поступления (тыс. руб) | B16: 2124181.6 | C16: 2240644 | D16: 1962604.5
A17: ИТОГО (доходы): | B17: =SUM(B14:B16) -> 2557552.8 | C17: =SUM(C14:C16) -> 2696805 | D17: =SUM(D14:D16) -> 2501834.5

Sheet обработка2
A1: 3 | B1: =INDEX(данные2!A14:A16, A1) -> Безвозмездные поступления (тыс. руб)
A2: 2019 г. | B2: =VLOOKUP(B$1,данные2!$A:$Q,MATCH(A2,данные2!$A$1:$Q$1,0),0) -> 2124181.6
A3: 2020 г. | B3: =VLOOKUP(B$1,данные2!$A:$Q,MATCH(A3,данные2!$A$1:$Q$1,0),0) -> 2240644
A4: 2021 г. | B4: =VLOOKUP(B$1,данные2!$A:$Q,MATCH(A4,данные2!$A$1:$Q$1,0),0) -> 1962604.5

Sheet обработка
A1: 10 | B1: =INDEX(данные2!A2:A12, A1) -> Жилищно-коммунальное хозяйство (тыс. руб)
A2: 2019 г. | B2: =VLOOKUP(B$1,данные2!$A:$Q,MATCH(A2,данные2!$A$1:$Q$1,0),0) -> 439907.3
A3: 2020 г. | B3: =VLOOKUP(B$1,данные2!$A:$Q,MATCH(A3,данные2!$A$1:$Q$1,0),0) -> 222541.3
A4: 2021 г. | B4: =VLOOKUP(B$1,данные2!$A:$Q,MATCH(A4,данные2!$A$1:$Q$1,0),0) -> 214209.89

Sheet данные3
A1: Столбец1 | B1: Муниципальная программа "Культура города Минусинска" | C1: Муниципальная программа "Реформирование и модернизация жилищно-коммунального хозяйства и повышение энергетической эффективности муниципального образования город Минусинск" | D1: Муниципальная программа "Обеспечение транспортной инфраструктуры муниципального образования город Минусинск" | E1: Муниципальная программа "Обеспечение жизнедеятельности территории " | F1: Муниципальная программа "Благоустройство территории муниципального образования город Минусинск" | G1: Муниципальная программа "Молодежь Минусинска" | H1: Муниципальная программа "Управление муниципальными финансами" | I1: Муниципальная программа "Эффективное управление муниципальным имуществом города Минусинска" | J1: Муниципальная программа "Социально - экономическая поддержка интересов населения города Минусинска" | K1: Муниципальная программа "Развитие образования города Минусинска" | L1: Муниципальная программа "Безопасный город" | M1: Муниципальная программа "Формирование современной городской среды" | N1: Муниципальная программа "Физическая культура и спорт в муниципальном образовании город Минусинск"
A2: 2019 г. | B2: 1.6231844e+08 | C2: 78119904 | D2: 1.8205077e+08 | E2: 2.4025167e+08 | F2: 16690400 | G2: 18865326 | H2: 34371478 | I2: 37580944 | J2: 11730000 | K2: 1339438721 | L2: 30000 | M2: 136994608 | N2: 80839752
A3: 2020 г. | B3: 2.7362658e+08 | C3: 51726467 | D3: 2.2407696e+08 | E3: 1.4525741e+08 | F3: 12002402 | G3: 18510607 | H3: 37521411 | I3: 1.222942e+08 | J3: 20759695 | K3: 1.5431966e+09 | L3: 2639308.6 | M3: 36206427 | N3: 67705658
A4: 2021 г. | B4: 2.7227383e+08 | C4: 1.3282783e+08 | D4: 118276100 | E4: 1.0952643e+08 | F4: 15052713 | G4: 23608983 | H4: 40931540 | I4: 2.0229529e+08 | J4: 4275500 | K4: 1.5612914e+09 | L4: 1140320 | M4: 79378856 | N4: 78108570

Sheet обработка3
A1: 1 | B1: =INDEX(данные3!A2:A4, A1) -> 2019 г.
A2: Муниципальная программа "Культура города Минусинска" | B2: =VLOOKUP(B$1,данные3!$A:$Q,MATCH(A2,данные3!$A$1:$Q$1,0),0) -> 1.6231844e+08
A3: Муниципальная программа "Реформирование и модернизация жилищно-коммунального хозяйства и повышение энергетической эффективности муниципального образования город Минусинск" | B3: =VLOOKUP(B$1,данные3!$A:$Q,MATCH(A3,данные3!$A$1:$Q$1,0),0) -> 78119904
A4: Муниципальная программа "Обеспечение транспортной инфраструктуры муниципального образования город Минусинск" | B4: =VLOOKUP(B$1,данные3!$A:$Q,MATCH(A4,данные3!$A$1:$Q$1,0),0) -> 1.8205077e+08
A5: Муниципальная программа "Обеспечение жизнедеятельности территории " | B5: =VLOOKUP(B$1,данные3!$A:$Q,MATCH(A5,данные3!$A$1:$Q$1,0),0) -> 2.4025167e+08
A6: Муниципальная программа "Благоустройство территории муниципального образования город Минусинск" | B6: =VLOOKUP(B$1,данные3!$A:$Q,MATCH(A6,данные3!$A$1:$Q$1,0),0) -> 16690400
A7: Муниципальная программа "Молодежь Минусинска" | B7: =VLOOKUP(B$1,данные3!$A:$Q,MATCH(A7,данные3!$A$1:$Q$1,0),0) -> 18865326
A8: Муниципальная программа "Управление муниципальными финансами" | B8: =VLOOKUP(B$1,данные3!$A:$Q,MATCH(A8,данные3!$A$1:$Q$1,0),0) -> 34371478
A9: Муниципальная программа "Эффективное управление муниципальным имуществом города Минусинска" | B9: =VLOOKUP(B$1,данные3!$A:$Q,MATCH(A9,данные3!$A$1:$Q$1,0),0) -> 37580944
A10: Муниципальная программа "Социально - экономическая поддержка интересов населения города Минусинска" | B10: =VLOOKUP(B$1,данные3!$A:$Q,MATCH(A10,данные3!$A$1:$Q$1,0),0) -> 11730000
A11: Муниципальная программа "Развитие образования города Минусинска" | B11: =VLOOKUP(B$1,данные3!$A:$Q,MATCH(A11,данные3!$A$1:$Q$1,0),0) -> 1339438721
A12: Муниципальная программа "Безопасный город" | B12: =VLOOKUP(B$1,данные3!$A:$Q,MATCH(A12,данные3!$A$1:$Q$1,0),0) -> 30000
A13: Муниципальная программа "Формирование современной городской среды" | B13: =VLOOKUP(B$1,данные3!$A:$Q,MATCH(A13,данные3!$A$1:$Q$1,0),0) -> 136994608
A14: Муниципальная программа "Физическая культура и спорт в муниципальном образовании город Минусинск" | B14: =VLOOKUP(B$1,данные3!$A:$Q,MATCH(A14,данные3!$A$1:$Q$1,0),0) -> 80839752
A15: ИТОГО: | B15: =SUM(B2:B14) -> 2.339282e+09
